 Dungeon Sprint DCSS version 0.31-a0-844-gdc52ec4e09 (webtiles) character file.

Game seed: 2314209461479441168

191 sircluck the Ruffian (level 5, -6/88 HPs)
             Began as a Troll Berserker on Sept 29, 2023.
             Was a Follower of Trog.
             Mangled by a blink frog (14 damage)
             ... in the Dungeon (Sprint VII: "The Pits").
             The game lasted 00:00:14 (35 turns).

sircluck the Ruffian (Troll Berserker)                Turns: 35, Time: 00:00:14

Health: -6/88      AC:  4    Str: 27    XL:     5   Next: 42%
Magic:  4/4        EV: 11    Int:  3    God:    Trog [*.....]
Gold:   0          SH:  0    Dex:  9    Spells: 4/4 levels left

rFire   . .          .
                       - Unarmed
rCold   . . .        (no shield)
rNeg    . . .        a - +0 animal skin
rPois   .            (helmet restricted)
rElec   .            (no cloak)
rCorr   .            (gloves unavailable)
SInv    .            (boots unavailable)
Will    .....        (no amulet) Stlth
                     (no ring)
HPRegen 1.14/turn    (no ring)
MPRegen 0.09/turn

%: no teleportation
@: berserking, very quick
A: large, unfitting armour, claws 3, regeneration 1, shaggy fur 1, tough skin 1
a: Renounce Religion, Berserk


You were in the Dungeon.
You worshipped Trog.
Trog was aware of your devotion.
You visited 1 branch

Inventory:

Armour
 a - a +0 animal skin (worn)
Scrolls
 g - a scroll of blinking
Potions
 b - a potion of curing
 c - a potion of heal wounds
 d - a potion of haste
 e - 2 potions of magic
 f - a potion of berserk rage


   Skills:
 + Level 6.0 Fighting
 + Level 5.9 Dodging
 + Level 7.1 Unarmed Combat


You had 4 spell levels left.
You didn't know any spells.
Your spell library was empty.

Dungeon Overview and Level Annotations

Branches:
Dungeon (1/1)

Altars:


Innate Abilities, Weirdness & Mutations

You are too large for most types of armour.
You have claws for hands.
Your natural rate of healing is unusually fast.
You are covered in fur. (AC +1)
You have tough skin. (AC +1)


Message History

The blink frog is severely wounded.
The blink frog hits you.
You barely miss the blink frog.
The blink frog is severely wounded.
The blink frog hits you!
You claw the blink frog!
You kill the blink frog!
Trog accepts your kill.
Your Fighting skill gained 4 levels and is now at level 6!
Your Dodging skill gained 3 levels and is now at level 5!
Your Unarmed Combat skill gained 4 levels and is now at level 7!
You have reached level 2!
You have reached level 3!
Your experience leads to an increase in your attributes!
Increase (S)trength, (I)ntelligence, or (D)exterity?
You feel stronger. x3
You have reached level 4!
You have reached level 5!
Unknown command.
Unknown command.
You barely miss the blink frog. The blink frog closely misses you.
You closely miss the blink frog. The blink frog hits you!
The blink frog misses you.
You miss the blink frog. The blink frog hits you!
* * * LOW HITPOINT WARNING * * *
The blink frog hits you!
* * * LOW HITPOINT WARNING * * *
You claw the large abomination!
The large abomination is moderately damaged.
The blink frog hits you!
* * * LOW HITPOINT WARNING * * *
The blink frog blinks!
The large abomination barely misses you.
The blink frog hits you.
* * * LOW HITPOINT WARNING * * *
The blink frog barely misses you.
You scratch the large abomination.
The large abomination is moderately damaged.
The blink frog hits you!
You die...

##########++###### ##
#................# ..#
#......#..#......##..#
#..............F§''..#
+.............F@F''..#
#......#..#.....X##.....F
#................# .....
####'#####++###### ####
#.......# #.......#
#.......# #...<...#
#.......#


You could see a large abomination and 3 blink frogs.

Vanquished Creatures
  A blink frog (D)
1 creature vanquished.

Notes
Turn   | Place    | Note
-------+----------+-------------------------------------------
     0 | D        | sircluck the Troll Berserker began the quest for the Orb.
     0 | D        | Reached XP level 1. HP: 22/22 MP: 0/0
    20 | D        | Noticed a blink frog
    21 | D        | Noticed a large abomination
    21 | D        | Noticed a blink frog
    21 | D        | Noticed a blink frog
    26 | D        | Noticed a blink frog
    30 | D        | Killed a blink frog
    31 | D        | Reached skill level 5 in Dodging
    31 | D        | Reached skill level 7 in Unarmed Combat
    31 | D        | Reached XP level 2. HP: 29/36 MP: 1/1
    31 | D        | Reached XP level 3. HP: 36/44 MP: 2/2
    31 | D        | Reached XP level 4. HP: 43/52 MP: 3/3
    31 | D        | Reached XP level 5. HP: 48/59 MP: 4/4
    35 | D        | Mangled by a blink frog

Illustrated notes

Levels and vault maps discovered:
D:        pitsprint [storerooms_1, entrance_room_1, metal_vault_7, armoury_1,
          mini_pit_1, grid_room_1, main_hall_1, silver_pit, the_coven_1,
          the_vestibule_1, steel_vault_2, golden_pit, hallway_of_sentries,
          crystal_vault_1, iron_vault_1, final_vault]

Skill      XL: |  1 |
---------------+----+-----
Fighting       | 6 |  6.0
Dodging        | 5 |  5.9
Unarmed Combat | 7 |  7.1

Action                     |  1- 3 |  4- 6 || total
---------------------------+-------+-------++-------
  Melee: Unarmed           |     6 |     5 ||    11
 Invoke: Berserk           |     1 |       ||     1
 Armour: Animal skin       |     3 |     6 ||     9
  Dodge: Dodged            |     4 |     4 ||     8

Table legend: (Time is in decaauts)
 A = Elapsed time spent in this place.
 B = Non-inter-level travel time spent in this place.
 C = Inter-level travel time spent in this place.
 D = Time resting spent in this place.
 E = Time spent auto-exploring this place.
 F = Levels seen in this place.
 G = Mean time per level.
                   A        B        C        D        E       F      G
               +--------+--------+--------+--------+--------+-----+--------+
         Total |     31 |     31 |      0 |      0 |      0 |   1 |   31.0 |
       Dungeon |     31 |     31 |      0 |      0 |      0 |   1 |   31.0 |
               +--------+--------+--------+--------+--------+-----+--------+

Top non-repeatable levels by time:
       D: 31 daAuts
